 Dungeon Crawl Stone Soup version 0.28-a0-906-g0406aca7d3 (webtiles) character file.

Game seed: 1635575456757734444

2989 lessens the Basher (level 9, -4/61 HPs)
             Began as a Mummy Wanderer on Nov 23, 2021.
             Killed from afar by a steam dragon (34 damage)
             ... with a ball of steam
             ... on level 8 of the Dungeon.
             The game lasted 00:16:28 (12996 turns).

lessens the Basher (Mummy Wanderer)                Turns: 12996, Time: 00:16:28

Health: -4/61      AC: 11    Str: 16    XL:     9   Next: 53%
Magic:  9/9        EV:  9    Int: 13    God:
Gold:   238        SH:  0    Dex: 12    Spells: 8/8 levels left

rFire   x . .      SeeInvis .   n - +0 flail
rCold   + . .      Faith    .   (no shield)
rNeg    + + +      Spirit   .   b - +2 scale mail
rPois   ∞          Reflect  .   (no helmet)
rElec   .          Harm     .   u - +0 cloak
rCorr   .          Rampage  .   w - +0 pair of gloves
Will    +....                   (no boots)
Stlth   ..........              (no amulet)
HPRegen 0.20/turn               (no ring)
MPRegen 0.11/turn               (no ring)

@: no status effects
A: cold resistance 1, negative energy resistance 3, torment resistance 2, heat
vulnerability 1, no potions
a: no special abilities


You were on level 8 of the Dungeon.
You visited 2 branches of the dungeon, and saw 9 of its levels.
You also visited: Sewer.

You collected 463 gold pieces.
You spent 225 gold pieces at shops.

Inventory:

Hand Weapons
 a - a +0 mace
 d - a +0 dagger
 n - a +0 flail (weapon)
Missiles
 c - 40 poisoned darts
 i - 219 stones
 p - 18 javelins (quivered)
Armour
 b - a +2 scale mail (worn)
 m - a +0 ring mail of fire resistance
 t - the +0 scale mail of Reduqiam {rF+}
   (You bought it in a shop on level 6 of the Dungeon)

   rF:        It protects you from fire.
 u - a +0 cloak (worn)
 w - a +0 pair of gloves (worn)
Jewellery
 f - an amulet of faith
Wands
 o - a wand of mindburst (1)
 v - a wand of digging (4)
 y - a wand of flame (14)
Scrolls
 e - 2 scrolls of noise {unknown}
 g - 3 scrolls of enchant armour {unknown}
 h - 5 scrolls of identify {unknown}
 j - 3 scrolls of magic mapping
 k - a scroll of fear {unknown}
 l - 3 scrolls of teleportation
 q - a scroll of blinking {unknown}
 r - a scroll of summoning {unknown}
 s - a scroll of enchant weapon {unknown}
 x - a scroll of holy word {unknown}


   Skills:
 + Level 2.3 Fighting
 * Level 11.1 Maces & Flails
 - Level 1.0 Crossbows
 - Level 1.0 Throwing
 - Level 3.2 Armour
 - Level 1.0 Evocations


You had 8 spell levels left.
You didn't know any spells.
Your spell library was empty.

Dungeon Overview and Level Annotations

Branches:
Dungeon (8/15)             Temple (1/1) D:6           Sewer (visited)
   Lair: D:8-11

Altars:
Ashenzari
Cheibriados
Dithmenos
Elyvilon
Fedhas
Gozag
Hepliaklqana
Kikubaaqudgha
Makhleb
Nemelex Xobeh
Ru
Sif Muna
Trog
Uskayaw
Vehumet
Wu Jian
Xom
Zin
The Shining One

Shops:
D:1 !   D:3 ?   D:6 ?::[*   D:8 =

Annotations:
D:5 Dowan, Duvessa
D:8 Maggie


Innate Abilities, Weirdness & Mutations

You are immune to poison.
Your flesh is cold resistant. (rC+)
You are immune to negative energy. (rN+++)
You are immune to unholy pain and torment.
You are vulnerable to heat. (rF-)
You do not drink.


Message History

There is a shimmering blue altar of Sif Muna here.
You open the door.
There is an open door here.
i - 219 stones (gained 20)
Found a stone staircase leading down.
There is a stone staircase leading down here.
You now have 238 gold pieces (gained 9).
Found Cuxziacs's Jewellery Emporium.
A steam dragon comes into view.
The steam dragon hisses angrily.
There is an entrance to Cuxziacs's Jewellery Emporium here.
A steam dragon is nearby!
A steam dragon is nearby!
The steam dragon bites you.
The steam dragon claws you but does no damage.
You hit the steam dragon but do no damage.
The steam dragon breathes steam at you. The ball of steam misses you.
You hear a shout! x5
You hit the steam dragon but do no damage.
You are engulfed in a cloud of scalding steam.
The steam dragon bites you.
The steam dragon claws you but does no damage.
The steam dragon bites you.
The steam dragon claws you but does no damage.
You hit the steam dragon but do no damage.
A lemure comes into view.
The steam dragon barely misses you. x2
You closely miss the steam dragon. The steam dragon breathes steam at you.
The ball of steam hits you! The steam scalds you terribly!
You hear a shout!
The steam dragon closely misses you.
The steam dragon claws you but does no damage.
You barely miss the steam dragon.
You are engulfed in a cloud of scalding steam.
The steam dragon breathes steam at you. The ball of steam hits you!!
The steam scalds you terribly!
Ouch! That really hurt!
You die...

# #.# ##...## *,*
########.######.....## *** *,*
##........8.8.8......## **,***,*
##.###.....⌠.⌠...$....##**,,,**,*
..........8.∩.8.......'.,,,,,,,,,
##.##......⌠.§......5.#,,,,,,,*,*
#.##.#.#.8.8.8...§..#,,,,,,,,,,*
*#.##.###.#####D§.§§##*,,,***,***
..........# ##@§.## **,** *,*
#####.##### ##'## *,* *,*** #.#
*.#*** *,* *,,,, #.# *..,,* *,*
***** *,* **...,***,* *,*
**,....,,*,*
*,*********,,.....,,,*
*,,,,,,,,,**,......***
*******,,,***,,,,***


You could see a steam dragon (catching breath) and a lemure.

Vanquished Creatures
  Grinder (D:5)
  Prince Ribbit (D:5)
  Sigmund (D:5)
  A wyvern (D:7)
  2 water moccasins
  An ice beast (D:7)
  An orc warrior (D:7)
  A sky beast (D:8)
  4 black bears
  3 necrophages (D:6)
  An ogre (D:6)
  A centaur (D:6)
  A bullfrog (D:7)
  A wyvern zombie (D:7)
  2 wyvern skeletons (D:7)
  A water moccasin skeleton (D:4)
  2 centaur zombies
  A jelly (D:7)
  A bullfrog skeleton (D:5)
  2 hounds
  A bullfrog zombie (D:6)
  An orc priest (D:7)
  A gnoll shaman (D:8)
  4 iguanas
  A scorpion zombie (D:5)
  2 orc wizards
  6 gnolls
  11 adders
  A shadow imp (D:5)
  2 white imps
  An ufetubus (D:4)
  4 worms
  3 dart slugs
  11 orcs
  8 endoplasms
  4 giant cockroaches
  8 goblins
  9 hobgoblins
  11 jackals
  5 kobolds
  3 quokkas
  5 ball pythons
  6 bats
  5 frilled lizards
  3 rats
145 creatures vanquished.

Notes
Turn   | Place    | Note
-------+----------+-------------------------------------------
     0 | D:1      | lessens the Mummy Wanderer began the quest for the Orb.
     0 | D:1      | lessens set off with the following items: a +0 mace, a +2
                  | scale mail, 11 poisoned darts, a +0 dagger
     0 | D:1      | Reached XP level 1. HP: 15/15 MP: 1/1
   222 | D:1      | Reached skill level 2 in Maces & Flails
   437 | D:1      | Reached XP level 2. HP: 21/21 MP: 2/2
   703 | D:1      | Found Roafid Xaru's Distillery.
  1437 | D:2      | Reached XP level 3. HP: 21/26 MP: 3/3
  1470 | D:2      | Reached skill level 3 in Maces & Flails
  1909 | D:2      | Reached XP level 4. HP: 27/32 MP: 4/4
  2700 | D:3      | Found a faded altar of an unknown god.
  2758 | D:3      | Reached skill level 4 in Maces & Flails
  2896 | D:3      | Found Uteny's Magic Scroll Shop.
  4117 | D:4      | Reached XP level 5. HP: 37/37 MP: 5/5
  4600 | D:4      | Found an ancient bone altar of Kikubaaqudgha.
  4694 | D:4      | Reached skill level 5 in Maces & Flails
  4884 | D:4      | Reached XP level 6. HP: 30/43 MP: 6/6
  5326 | D:5      | Entered Level 5 of the Dungeon
  5646 | D:5      | Found a blossoming altar of Fedhas.
  5715 | D:5      | Found a bloodstained altar of Trog.
  5742 | D:5      | Noticed Sigmund
  5751 | D:5      | Killed Sigmund
  5752 | D:5      | Reached skill level 6 in Maces & Flails
  5752 | D:5      | Reached XP level 7. HP: 11/48 MP: 7/7
  6087 | D:5      | Noticed Grinder
  6091 | D:5      | Killed Grinder
  6092 | D:5      | Reached skill level 7 in Maces & Flails
  6200 | D:5      | Noticed Prince Ribbit
  6214 | D:5      | HP: 2/48 [Prince Ribbit (9)]
  6221 | D:5      | Killed Prince Ribbit
  6871 | D:5      | Reached skill level 8 in Maces & Flails
  6871 | D:5      | Reached XP level 8. HP: 45/54 MP: 8/8
  6871 | D:5      | Noticed Dowan
  6994 | D:5      | Noticed Duvessa
  7298 | D:5      | Found a hazy altar of Hepliaklqana.
  7326 | D:5      | Found an ornate altar of the Wu Jian Council.
  7328 | D:5      | Found a shimmering altar of Xom.
  7473 | D:6      | Found Efeuxepp's Antique Armour Emporium.
  7475 | D:6      | Found Hynuzex's Book Boutique.
  7477 | D:6      | Found Toofy's Book Boutique.
  7690 | D:6      | Found a glowing drain.
  7700 | Sewer    | Entered a sewer
  8004 | D:6      | Found Xoczuyt's Assorted Antiques.
  8222 | D:6      | Found a hide-covered altar of Uskayaw.
  8285 | D:6      | Found Hikatew's Magic Scroll Shoppe.
  8344 | D:6      | Bought a faintly humming scale mail for 225 gold pieces
  8344 | D:6      | Identified the +0 scale mail of Reduqiam {rF+} (You bought
                  | it in a shop on level 6 of the Dungeon)
  8367 | D:6      | Found a staircase to the Ecumenical Temple.
  8376 | Temple   | Entered the Ecumenical Temple
  8581 | D:6      | Reached skill level 9 in Maces & Flails
  9283 | D:6      | Reached skill level 10 in Maces & Flails
  9504 | D:7      | Reached XP level 9. HP: 29/59 MP: 9/9
 11514 | D:8      | Noticed a two-headed ogre
 11639 | D:8      | Noticed Maggie
 11839 | D:7      | Reached skill level 11 in Maces & Flails
 12453 | D:8      | Found a sacrificial altar of Ru.
 12871 | D:8      | Found a shimmering blue altar of Sif Muna.
 12978 | D:8      | Found Cuxziacs's Jewellery Emporium.
 12996 | D:8      | Killed from afar by a steam dragon

Illustrated notes

Levels and vault maps discovered:
D:1:      nicolae_arrival_memento_mori, layout_basic, serial_forest,
          infiniplex_forest_zigzag_2, infiniplex_forest_zigzag_1,
          infiniplex_forest_lined_2, infiniplex_forest_lined_ring,
          infiniplex_forest_diagonal, infiniplex_forest_clump_small,
          infiniplex_forest_end_2, serial_shops, nicolae_shop_advertising_works
          [nicolae_subvault_shop_adworks]
D:2:      layout_basic, chequers_garden
D:3:      layout_basic, hellmonk_ecumenical_altar_arch_garden, serial_shops,
          nicolae_shop_waterfront, kennysheep_crisscross
D:4:      layout_rooms, mainiacjoe_overflow_alcove_2
D:5:      nicolae_cairo_tiling_large_dashed, layout_basic,
          nicolae_overflow_crystal_walls, mainiacjoe_overflow_cross_hatched,
          overflow_temple_1_default, minitemple, uniq_prince_ribbit1,
          uniq_grinder, uniq_sigmund, uniq_duvessa
D:6:      minmay_skewed_foursquare, layout_rooms, lemuel_round_altar,
          minmay_temple_entry_drinking_statues, cheibrodos_sewer_entry_sluice,
          serial_shops, nicolae_shop_statue_plus, kennysheep_little_box, shop,
          shop, shop
D:7:      layout_loops_cross
D:8:      layout_loops_corners, nicolae_ru_path_of_blood, led_sif_book,
          amcnicky_altar_gilded, serial_shops,
          nicolae_shop_temple_entry_statues_fountains, uniq_pikel, uniq_maggie,
          uniq_joseph
Temple:   compressed_dpeg_triangle_lava_temple

Skill      XL: |  1  2  3  4  5  6  7  8  9 |
---------------+----------------------------+-----
Maces & Flails | 2 3 4 5 6 8 10 11 | 11.1
Fighting       | 2 |  2.3
Crossbows      | |  1.0
Throwing       | |  1.0
Armour         | |  3.2
Evocations     | |  1.0

Action                   |  1- 3 |  4- 6 |  7- 9 || total
-------------------------+-------+-------+-------++-------
Melee: Mace              |   125 |   146 |       ||   271
       Flail             |       |   141 |   415 ||   556
Throw: Dart              |       |    15 |    37 ||    52
       Javelin           |       |       |     6 ||     6
Evoke: Wand              |       |     2 |    12 ||    14
  Use: Scroll            |       |       |     2 ||     2
Armor: Scale mail        |    74 |   155 |   228 ||   457
Dodge: Dodged            |    69 |   165 |   232 ||   466

Table legend: (Time is in decaauts)
 A = Elapsed time spent in this place.
 B = Non-inter-level travel time spent in this place.
 C = Inter-level travel time spent in this place.
 D = Time resting spent in this place.
 E = Time spent auto-exploring this place.
 F = Levels seen in this place.
 G = Mean time per level.
                   A        B        C        D        E       F      G
               +--------+--------+--------+--------+--------+-----+--------+
         Total |  13067 |  12435 |    632 |   1560 |   8663 |  10 | 1306.7 |
       Dungeon |  12364 |  11743 |    621 |   1560 |   8085 |   8 | 1545.5 |
        Temple |    471 |    460 |     11 |      0 |    427 |   1 |  471.0 |
         Sewer |    231 |    231 |      0 |      0 |    151 |   1 |  231.0 |
               +--------+--------+--------+--------+--------+-----+--------+

Top non-repeatable levels by time:
     D:7: 2453 daAuts
     D:5: 1850 daAuts
     D:1: 1608 daAuts
     D:3: 1497 daAuts
     D:4: 1348 daAuts
     D:6: 1270 daAuts
     D:2: 1201 daAuts
     D:8: 1135 daAuts
  Temple: 471 daAuts
   Sewer: 231 daAuts
